| TOP OF THE 1ST |
|
Atlanta (MID) Braves batting - Pitching for Wisconsin Timber Rattlers : LHP Brian Rich
|
|
Pitching: LHP Brian Rich
|
|
|
Batting: RHB Hisayuki Akiyama
|
0-0: Ball 1-0: Ball 2-0: Called Strike 2-1: Foul Ball, location: 2F 2-2: Ball 3-2: Foul Ball, location: 2F 3-2: Base on Balls
|
|
Batting: RHB Joe Young
|
0-0: Ball 1-0: SINGLE (Line Drive, 4M, EV 106.9 MPH) Hisayuki Akiyama to second
|
|
Batting: LHB Erik Gretzky
|
0-0: Called Strike 0-1: Ball 1-1: Ball 2-1: Fly out, F8 (Flyball, 8RD, EV 104.4 MPH)
|
|
Batting: RHB Jose Ramos
|
0-0: Ball 1-0: Ball 2-0: Ball 3-0: Base on Balls Hisayuki Akiyama to third Joe Young to second
|
|
Batting: RHB Josh McCormick
|
0-0: Ball 1-0: Ball 2-0: Ball 3-0: Base on Balls Hisayuki Akiyama scores Joe Young to third Jose Ramos to second
|
|
Batting: LHB Ben Goldstein
|
0-0: Ball Wild Pitch! Joe Young scores Jose Ramos to third Josh McCormick to second 1-0: Ball 2-0: Foul Ball, location: 2F 2-1: Called Strike 2-2: Ball 3-2: Foul Ball, location: 2F 3-2: Foul Ball, location: 2F 3-2: Base on Balls
|
|
Batting: RHB Toki Takeuchi
|
0-0: Ball 1-0: Ball 2-0: Ball 3-0: Called Strike 3-1: Foul Ball, location: 2F 3-2: Foul Ball, location: 2F 3-2: DOUBLE (Flyball, 8LD, EV 99.4 MPH) Jose Ramos scores Josh McCormick scores Ben Goldstein to third
|
|
Batting: SHB Ian Arlotta
|
0-0: Ball 1-0: Ground out 6-3 (Groundball, 6, EV 86.2 MPH) Ben Goldstein scores Toki Takeuchi to third
|
|
Batting: RHB Badr al Din Ridha
|
0-0: Swinging Strike 0-1: Ball 1-1: Foul Ball, location: 2F 1-2: Ball 2-2: Ball 3-2: Base on Balls
|
|
Pitching: RHP Dustin Pryor
|
|
|
Batting: RHB Hisayuki Akiyama
|
0-0: Ball 1-0: Called Strike 1-1: Foul Ball, location: 2F 1-2: Ball 2-2: DOUBLE (Line Drive, 78D, EV 107.5 MPH) Toki Takeuchi scores Badr al Din Ridha to third Runner from 3rd tries for Home, SAFE, no throw by CF
|
|
Batting: RHB Joe Young
|
0-0: Foul Ball, location: 2F 0-1: Ball 1-1: Ground out 6-3 (Groundball, 6, EV 91.2 MPH)
|
| Top of the 1st over - 7 runs, 3 hits, 0 errors, 1 left on base; Atlanta (MID) 7 - Wisconsin 0 |
| BOTTOM OF THE 1ST |
|
Wisconsin Timber Rattlers batting - Pitching for Atlanta (MID) Braves : RHP Jeremy Kasten
|
|
Pitching: RHP Jeremy Kasten
|
|
|
Batting: RHB Hector Silva
|
0-0: Called Strike 0-1: Ball 1-1: Foul Ball, location: 2F 1-2: Foul Ball, location: 2F 1-2: SINGLE (Line Drive, 9S, EV 92.5 MPH)
|
|
Batting: SHB Craig Wright
|
0-0: Foul Ball, location: 2F 0-1: Foul Ball, location: 2F 0-2: Ball 1-2: Foul Ball, location: 2F 1-2: Foul Ball, location: 2F 1-2: Foul Ball, location: 2F 1-2: Foul Ball, location: 2F 1-2: Ball Hector Silva steals 2nd base 2-2: Foul Ball, location: 2F 2-2: Ball 3-2: Fly out, F9 (Flyball, 89M, EV 94.4 MPH)
|
|
Batting: SHB Sam Bingham
|
0-0: Ball 1-0: SINGLE (Groundball, 4MS, EV 70.6 MPH) (infield hit) Hector Silva to third
|
|
Batting: RHB Nick Garland
|
0-0: Called Strike Sam Bingham steals 2nd base 0-1: Called Strike 0-2: Foul Ball, location: 2F 0-2: Ground out 6-3 (Groundball, 6, EV 91.2 MPH) Hector Silva scores Sam Bingham to third
|
|
Batting: SHB Aaron Neill
|
0-0: Called Strike 0-1: Foul Ball, location: 2F 0-2: Ball 1-2: Ball 2-2: Ground out 3-1 (Groundball, 34S, EV 78.8 MPH)
|
| Bottom of the 1st over - 1 run, 2 hits, 0 errors, 1 left on base; Atlanta (MID) 7 - Wisconsin 1 |
| TOP OF THE 2ND |
|
Atlanta (MID) Braves batting - Pitching for Wisconsin Timber Rattlers : RHP Dustin Pryor
|
|
Batting: LHB Erik Gretzky
|
0-0: Called Strike 0-1: Called Strike 0-2: Strikes out looking
|
|
Batting: RHB Jose Ramos
|
0-0: Ball 1-0: SINGLE (Line Drive, 8LS, EV 109.4 MPH)
|
|
Batting: RHB Josh McCormick
|
0-0: Foul Ball, location: 2F 0-1: Swinging Strike 0-2: Ball 1-2: Strikes out swinging
|
|
Batting: LHB Ben Goldstein
|
0-0: Called Strike Jose Ramos is caught stealing 2nd base 2-6
|
| Top of the 2nd over - 0 runs, 1 hit, 0 errors, 0 left on base; Atlanta (MID) 7 - Wisconsin 1 |
| BOTTOM OF THE 2ND |
|
Wisconsin Timber Rattlers batting - Pitching for Atlanta (MID) Braves : RHP Jeremy Kasten
|
|
Batting: RHB Ben Taylor
|
0-0: Ground out 4-3 (Groundball, 4, EV 80.6 MPH)
|
|
Batting: SHB C.J. Olivares
|
0-0: Ground out U3 (Groundball, 3, EV 77.5 MPH)
|
|
Batting: LHB Umar Matoub
|
0-0: Called Strike 0-1: Ball 1-1: Ball 2-1: Ball 3-1: Base on Balls
|
|
Batting: LHB Paul Collins
|
0-0: Called Strike 0-1: Ball 1-1: Ball 2-1: Foul Ball, location: 2F 2-2: Fielders Choice at 2nd, 5-4 (Groundball, 5, EV 85.6 MPH)
|
| Bottom of the 2nd over - 0 runs, 0 hits, 0 errors, 1 left on base; Atlanta (MID) 7 - Wisconsin 1 |
| TOP OF THE 3RD |
|
Atlanta (MID) Braves batting - Pitching for Wisconsin Timber Rattlers : RHP Dustin Pryor
|
|
Batting: LHB Ben Goldstein
|
0-0: Called Strike 0-1: Ball 1-1: SOLO HOME RUN (Flyball, 89XD, EV 100.6 MPH), Distance : 412 ft
|
|
Batting: RHB Toki Takeuchi
|
0-0: Ground out 5-3 (Groundball, 56, EV 90.0 MPH)
|
|
Batting: SHB Ian Arlotta
|
0-0: Foul Ball, location: 2F 0-1: Ground out U3 (Groundball, 34, EV 103.1 MPH)
|
|
Batting: RHB Badr al Din Ridha
|
0-0: Swinging Strike 0-1: Ball 1-1: SINGLE (Groundball, 56D, EV 93.8 MPH)
|
|
Batting: RHB Hisayuki Akiyama
|
0-0: Ball 1-0: Ball 2-0: Ball 3-0: Called Strike 3-1: Called Strike 3-2: SINGLE (Flyball, 7LS, EV 100.6 MPH) Badr al Din Ridha to second Badr al Din Ridha to third
|
|
Batting: RHB Joe Young
|
0-0: Swinging Strike 0-1: Ball 1-1: SINGLE (Groundball, 56D, EV 107.5 MPH) Badr al Din Ridha scores Hisayuki Akiyama to second Runner from 2nd tries for 3rd, SAFE, no throw by LF
|
|
Batting: LHB Erik Gretzky
|
0-0: Ball Joe Young steals 2nd base (no throw) 1-0: Called Strike 1-1: Ball Wild Pitch! Hisayuki Akiyama scores Joe Young to third 2-1: 2-RUN HOME RUN (Flyball, 89XD, EV 97.5 MPH), Distance : 386 ft
|
|
Pitching: RHP Guillermo Delgado
|
|
|
Batting: RHB Jose Ramos
|
0-0: Ball 1-0: Foul Ball, location: 2F 1-1: Ball 2-1: Ball 3-1: Base on Balls
|
|
Batting: RHB Josh McCormick
|
0-0: Ball 1-0: DOUBLE (Line Drive, 9LM, EV 104.4 MPH) Jose Ramos to third Runner from 3rd tries for Home, SAFE, no throw by RF
|
|
Batting: LHB Ben Goldstein
|
0-0: Ball 1-0: Ball 2-0: Foul Ball, location: 2F 2-1: Ball 3-1: Base on Balls
|
|
Batting: RHB Toki Takeuchi
|
0-0: Ball 1-0: Ball 2-0: Called Strike 2-1: Ball 3-1: Base on Balls Josh McCormick to third Ben Goldstein to second
|
|
Batting: SHB Ian Arlotta
|
0-0: Ball 1-0: Ball 2-0: Ball 3-0: Called Strike 3-1: Ground out 4-3 (Groundball, 4, EV 98.8 MPH)
|
| Top of the 3rd over - 6 runs, 6 hits, 0 errors, 3 left on base; Atlanta (MID) 13 - Wisconsin 1 |
| BOTTOM OF THE 3RD |
|
Wisconsin Timber Rattlers batting - Pitching for Atlanta (MID) Braves : RHP Jeremy Kasten
|
|
Batting: RHB Hector Silva
|
0-0: Ball 1-0: Called Strike 1-1: Ball 2-1: Ball 3-1: Base on Balls
|
|
Batting: SHB Craig Wright
|
0-0: Swinging Strike 0-1: Foul Ball, location: 2F 0-2: SINGLE (Line Drive, 78S, EV 110.0 MPH) Hector Silva to second
|
|
Batting: SHB Sam Bingham
|
0-0: Ball 1-0: Ball 2-0: Foul Ball, location: 2F 2-1: Foul Ball, location: 2F 2-2: Ball 3-2: Strikes out swinging
|
|
Batting: RHB Nick Garland
|
0-0: Ball 1-0: Ball 2-0: SINGLE (Groundball, 6MD, EV 103.8 MPH) Hector Silva to third Craig Wright to second
|
|
Batting: SHB Aaron Neill
|
0-0: Ball 1-0: Ball 2-0: DOUBLE (Line Drive, 78D, EV 105.0 MPH) Hector Silva scores Craig Wright scores Nick Garland to third
|
|
Batting: RHB Ben Taylor
|
0-0: Ball 1-0: Ball 2-0: Ball 3-0: Called Strike 3-1: Base on Balls
|
|
Batting: SHB C.J. Olivares
|
0-0: Called Strike 0-1: Ball 1-1: Grounds into double play, 4-6-3 (Groundball, 4, EV 108.8 MPH)
|
| Bottom of the 3rd over - 2 runs, 3 hits, 0 errors, 2 left on base; Atlanta (MID) 13 - Wisconsin 3 |
| TOP OF THE 4TH |
|
Atlanta (MID) Braves batting - Pitching for Wisconsin Timber Rattlers : RHP Guillermo Delgado
|
|
Batting: RHB Badr al Din Ridha
|
0-0: Called Strike 0-1: Ball 1-1: Ball 2-1: Swinging Strike 2-2: Strikes out swinging
|
|
Batting: RHB Hisayuki Akiyama
|
0-0: Ball 1-0: Ball 2-0: Ground out 6-3 (Groundball, 6, EV 81.2 MPH)
|
|
Batting: RHB Joe Young
|
0-0: SINGLE (Groundball, 5S, EV 69.4 MPH) (infield hit)
|
|
Batting: LHB Erik Gretzky
|
0-0: Called Strike 0-1: Called Strike 0-2: Ball 1-2: Ball 2-2: Strikes out swinging
|
| Top of the 4th over - 0 runs, 1 hit, 0 errors, 1 left on base; Atlanta (MID) 13 - Wisconsin 3 |
| BOTTOM OF THE 4TH |
|
Wisconsin Timber Rattlers batting - Pitching for Atlanta (MID) Braves : RHP Jeremy Kasten
|
|
Batting: LHB Umar Matoub
|
0-0: Ball 1-0: Foul Ball, location: 2F 1-1: Ball 2-1: Foul Ball, location: 2F 2-2: Reached on error, E4 (Groundball, 4D, EV 108.1 MPH)
|
|
Batting: LHB Paul Collins
|
0-0: Called Strike 0-1: Foul Ball, location: 2F 0-2: Strikes out swinging
|
|
Batting: RHB Hector Silva
|
0-0: Foul Ball, location: 2F 0-1: Foul Ball, location: 2F 0-2: Ball 1-2: Foul Ball, location: 2F 1-2: Foul Ball, location: 2F 1-2: Foul Ball, location: 2F 1-2: Strikes out swinging
|
|
Batting: SHB Craig Wright
|
0-0: Ball 1-0: Ground out 4-3 (Groundball, 4, EV 106.2 MPH)
|
| Bottom of the 4th over - 0 runs, 0 hits, 1 error, 1 left on base; Atlanta (MID) 13 - Wisconsin 3 |
| TOP OF THE 5TH |
|
Atlanta (MID) Braves batting - Pitching for Wisconsin Timber Rattlers : RHP Guillermo Delgado
|
|
Batting: RHB Jose Ramos
|
0-0: Ball 1-0: Ball 2-0: Called Strike 2-1: Foul Ball, location: 2F 2-2: Ground out 5-3 (Groundball, 56, EV 90.0 MPH)
|
|
Batting: RHB Josh McCormick
|
0-0: Ball 1-0: Foul Ball, location: 2F 1-1: Ball 2-1: Called Strike 2-2: Strikes out looking
|
|
Batting: LHB Ben Goldstein
|
0-0: Ball 1-0: Called Strike 1-1: SINGLE (Groundball, 6M, EV 86.2 MPH) (infield hit)
|
|
Batting: RHB Toki Takeuchi
|
0-0: Ball 1-0: Called Strike 1-1: SINGLE (Line Drive, 78S, EV 110.0 MPH) Ben Goldstein to second
|
|
Batting: SHB Ian Arlotta
|
0-0: Called Strike 0-1: Ball 1-1: Swinging Strike 1-2: Foul Ball, location: 2F 1-2: Foul Ball, location: 2F 1-2: Foul Ball, location: 2F 1-2: Foul Ball, location: 2F 1-2: Foul Ball, location: 2F 1-2: Hit by Pitch Ben Goldstein to third Toki Takeuchi to second
|
|
Batting: RHB Badr al Din Ridha
|
0-0: Ball 1-0: Fly out, F7 (Flyball, 7D, EV 99.4 MPH)
|
| Top of the 5th over - 0 runs, 2 hits, 0 errors, 3 left on base; Atlanta (MID) 13 - Wisconsin 3 |
| BOTTOM OF THE 5TH |
|
Wisconsin Timber Rattlers batting - Pitching for Atlanta (MID) Braves : RHP Jeremy Kasten
|
|
Batting: SHB Sam Bingham
|
0-0: Ball 1-0: Called Strike 1-1: Foul Ball, location: 2F 1-2: Foul Ball, location: 2F 1-2: Ball 2-2: SINGLE (Line Drive, 6MD, EV 106.2 MPH)
|
|
Batting: RHB Nick Garland
|
0-0: Ball Sam Bingham steals 2nd base 1-0: Ball 2-0: Called Strike 2-1: SINGLE (Groundball, 34D, EV 106.9 MPH) Sam Bingham to third Runner from 3rd tries for Home, SAFE, throw by RF to home Nick Garland to second
|
|
Batting: SHB Aaron Neill
|
0-0: Ball 1-0: Ball 2-0: Called Strike 2-1: Ball 3-1: Foul Ball, location: 2F 3-2: Ground out 4-3 (Groundball, 4, EV 83.1 MPH) Nick Garland to third
|
|
Batting: RHB Ben Taylor
|
0-0: Ball 1-0: Swinging Strike 1-1: Ground out U3 (Groundball, 34, EV 80.6 MPH) Nick Garland scores
|
|
Batting: SHB C.J. Olivares
|
0-0: Called Strike 0-1: Ball 1-1: SINGLE (Groundball, 3D, EV 102.5 MPH)
|
|
Batting: LHB Umar Matoub
|
0-0: Called Strike 0-1: SINGLE (Groundball, 56D, EV 101.9 MPH) C.J. Olivares to second
|
|
Batting: LHB Paul Collins
|
0-0: Called Strike 0-1: Ball 1-1: Ball 2-1: Ball 3-1: Called Strike 3-2: Strikes out swinging
|
| Bottom of the 5th over - 2 runs, 4 hits, 0 errors, 2 left on base; Atlanta (MID) 13 - Wisconsin 5 |
| TOP OF THE 6TH |
|
Atlanta (MID) Braves batting - Pitching for Wisconsin Timber Rattlers : RHP Guillermo Delgado
|
|
Pitching: RHP Ernie Borden
|
|
|
Batting: RHB Hisayuki Akiyama
|
0-0: Ball 1-0: Ball 2-0: Ball 3-0: Base on Balls
|
|
Batting: RHB Joe Young
|
0-0: Called Strike Hisayuki Akiyama steals 2nd base 0-1: Ball 1-1: Called Strike 1-2: Ball 2-2: Ground out 6-3 (Groundball, 6, EV 87.5 MPH) Hisayuki Akiyama to third
|
|
Batting: LHB Erik Gretzky
|
0-0: Ball 1-0: Swinging Strike 1-1: Ground out 4-3 (Groundball, 4, EV 90.0 MPH) Hisayuki Akiyama scores
|
|
Batting: RHB Jose Ramos
|
0-0: SOLO HOME RUN (Flyball, 7D, EV 96.9 MPH), Distance : 368 ft
|
|
Batting: RHB Josh McCormick
|
0-0: Called Strike 0-1: Foul Ball, location: 2F 0-2: Foul Ball, location: 2F 0-2: SINGLE (Groundball, 15S, EV 67.5 MPH) (infield hit)
|
|
Batting: LHB Ben Goldstein
|
0-0: Fielders Choice at 2nd, 4-6 (Groundball, 4MD, EV 93.1 MPH)
|
| Top of the 6th over - 2 runs, 2 hits, 0 errors, 1 left on base; Atlanta (MID) 15 - Wisconsin 5 |
| BOTTOM OF THE 6TH |
|
Wisconsin Timber Rattlers batting - Pitching for Atlanta (MID) Braves : RHP Jeremy Kasten
|
|
Pitching: RHP Kevin Zika
|
|
|
Batting: RHB Hector Silva
|
0-0: Ball 1-0: Fly out, F1 (Line Drive, P, EV 70.0 MPH)
|
|
Batting: SHB Craig Wright
|
0-0: Ball 1-0: Ground out 4-3 (Groundball, 4M, EV 83.8 MPH)
|
|
Batting: SHB Sam Bingham
|
0-0: Ball 1-0: DOUBLE (Line Drive, 7LM, EV 96.2 MPH)
|
|
Batting: RHB Nick Garland
|
0-0: Ball 1-0: Called Strike 1-1: Ball 2-1: Ground out U3 (Groundball, 34, EV 103.8 MPH)
|
| Bottom of the 6th over - 0 runs, 1 hit, 0 errors, 1 left on base; Atlanta (MID) 15 - Wisconsin 5 |
| TOP OF THE 7TH |
|
Atlanta (MID) Braves batting - Pitching for Wisconsin Timber Rattlers : RHP Ernie Borden
|
|
Batting: RHB Toki Takeuchi
|
0-0: Called Strike 0-1: Swinging Strike 0-2: Strikes out swinging
|
|
Batting: SHB Ian Arlotta
|
0-0: Ball 1-0: Ball 2-0: Ball 3-0: Called Strike 3-1: Base on Balls
|
|
Batting: RHB Badr al Din Ridha
|
0-0: Ball 1-0: Swinging Strike 1-1: Grounds into double play, 6-4-3 (Groundball, 6M, EV 108.1 MPH)
|
| Top of the 7th over - 0 runs, 0 hits, 0 errors, 0 left on base; Atlanta (MID) 15 - Wisconsin 5 |
| BOTTOM OF THE 7TH |
|
Wisconsin Timber Rattlers batting - Pitching for Atlanta (MID) Braves : RHP Kevin Zika
|
|
Batting: SHB Aaron Neill
|
0-0: Called Strike 0-1: Foul Ball, location: 2F 0-2: Foul Ball, location: 2F 0-2: DOUBLE (Line Drive, 5D, EV 97.5 MPH)
|
|
Batting: RHB Ben Taylor
|
0-0: Ground out 6-3 (Groundball, 6, EV 88.1 MPH)
|
|
Batting: SHB C.J. Olivares
|
0-0: Ball Aaron Neill is caught stealing 3rd base 2-5 1-0: Called Strike 1-1: Called Strike 1-2: Foul Ball, location: 2F 1-2: Ball 2-2: Ball 3-2: Fly out, F7 (Flyball, 7LS, EV 90.6 MPH)
|
| Bottom of the 7th over - 0 runs, 1 hit, 0 errors, 0 left on base; Atlanta (MID) 15 - Wisconsin 5 |
| TOP OF THE 8TH |
|
Atlanta (MID) Braves batting - Pitching for Wisconsin Timber Rattlers : RHP Ernie Borden
|
|
Batting: RHB Hisayuki Akiyama
|
0-0: Called Strike 0-1: Foul Ball, location: 2F 0-2: Ball 1-2: Strikes out looking
|
|
Batting: RHB Joe Young
|
0-0: Ground out 4-3 (Groundball, 4, EV 90.0 MPH)
|
|
Batting: LHB Erik Gretzky
|
0-0: Foul Ball, location: 2F 0-1: Foul Ball, location: 2F 0-2: Ball 1-2: Ball 2-2: SINGLE (Groundball, 25, EV 70.6 MPH) (infield hit)
|
|
Pinch Hitting: RHB Brandon Burrell
|
0-0: Ball 1-0: Ball 2-0: Ground out 4-3 (Groundball, 4, EV 106.9 MPH)
|
| Top of the 8th over - 0 runs, 1 hit, 0 errors, 1 left on base; Atlanta (MID) 15 - Wisconsin 5 |
| BOTTOM OF THE 8TH |
|
Wisconsin Timber Rattlers batting - Pitching for Atlanta (MID) Braves : RHP Kevin Zika
|
|
Now at 1B: Brandon Burrell
|
|
|
Batting: LHB Umar Matoub
|
0-0: Called Strike 0-1: Ball 1-1: DOUBLE (Flyball, 8LXD, EV 95.0 MPH)
|
|
Batting: LHB Paul Collins
|
0-0: Ball 1-0: Ground out U3 (Groundball, 13, EV 91.2 MPH) Umar Matoub to third
|
|
Pitching: RHP Ruben Valle
|
|
|
Batting: RHB Hector Silva
|
0-0: Fly out, F3 (Popup, 3SF, EV 89.4 MPH)
|
|
Pinch Hitting: RHB Raymond Young
|
0-0: SINGLE (Groundball, 6D, EV 94.4 MPH) Umar Matoub scores
|
|
Batting: SHB Sam Bingham
|
0-0: Ball 1-0: Swinging Strike 1-1: Called Strike 1-2: Foul Ball, location: 2F 1-2: Ground out 3-1 (Groundball, 34, EV 82.5 MPH)
|
| Bottom of the 8th over - 1 run, 2 hits, 0 errors, 1 left on base; Atlanta (MID) 15 - Wisconsin 6 |
| TOP OF THE 9TH |
|
Atlanta (MID) Braves batting - Pitching for Wisconsin Timber Rattlers : RHP Ernie Borden
|
|
Now at SS: Raymond Young
|
|
|
Batting: RHB Josh McCormick
|
0-0: Ball 1-0: Swinging Strike 1-1: Foul Ball, location: 2F 1-2: Ball 2-2: Strikes out swinging
|
|
Batting: LHB Ben Goldstein
|
0-0: SINGLE (Line Drive, 78M, EV 84.4 MPH)
|
|
Pitching: LHP John Miller
|
|
|
Batting: RHB Toki Takeuchi
|
0-0: Ball 1-0: Ball 2-0: Fly out, F9 (Flyball, 9, EV 98.1 MPH)
|
|
Batting: SHB Ian Arlotta
|
0-0: Ball 1-0: Swinging Strike 1-1: Called Strike 1-2: Strikes out swinging
|
| Top of the 9th over - 0 runs, 1 hit, 0 errors, 1 left on base; Atlanta (MID) 15 - Wisconsin 6 |
| BOTTOM OF THE 9TH |
|
Wisconsin Timber Rattlers batting - Pitching for Atlanta (MID) Braves : RHP Ruben Valle
|
|
Batting: RHB Nick Garland
|
0-0: Ball 1-0: Ball 2-0: Ball 3-0: Fly out, F9 (Line Drive, 89M, EV 85.0 MPH)
|
|
Batting: SHB Aaron Neill
|
0-0: Called Strike 0-1: Ball 1-1: Ball 2-1: Swinging Strike 2-2: Foul Ball, location: 2F 2-2: Fly out, F6 (Line Drive, 6MD, EV 68.1 MPH)
|
|
Batting: RHB Ben Taylor
|
0-0: Ball 1-0: SOLO HOME RUN (Flyball, 78XD, EV 98.1 MPH), Distance : 401 ft
|
|
Batting: SHB C.J. Olivares
|
0-0: Ball 1-0: Ball 2-0: SINGLE (Line Drive, 56D, EV 95.0 MPH)
|
|
Batting: LHB Umar Matoub
|
0-0: Called Strike 0-1: Ball 1-1: Foul Ball, location: 2F 1-2: Ball 2-2: Foul Ball, location: 2F 2-2: Ball 3-2: Foul Ball, location: 2F 3-2: SINGLE (Groundball, 34D, EV 98.8 MPH) C.J. Olivares to second C.J. Olivares to third
|
|
Batting: LHB Paul Collins
|
0-0: Foul Ball, location: 2F 0-1: Ball 1-1: Called Strike 1-2: Ball 2-2: Foul Ball, location: 2F 2-2: Ball 3-2: SINGLE (Line Drive, 56D, EV 97.5 MPH) C.J. Olivares scores Umar Matoub to second Umar Matoub to third
|
|
Batting: RHB Hector Silva
|
0-0: Ball 1-0: Swinging Strike 1-1: Ball 2-1: Swinging Strike 2-2: Foul Ball, location: 2F 2-2: Ball 3-2: Strikes out swinging
|
| Bottom of the 9th over - 2 runs, 4 hits, 0 errors, 2 left on base; Atlanta (MID) 15 - Wisconsin 8 |
|